Map: Ephemeron LE

Players

TorontoDave

  • Race: Protoss Protoss
  • League: Gold
  • Spawn Location: 11:00

Methyle - Winner!

  • Race: Terran Terran
  • League: Gold
  • Spawn Location: 5:00

VOD

Have the link to the VOD?

Description

Not true to Vibe's build - decided to go viking instead of Thors.

Time

  • Played on: Feb. 7, 2020, 5:02 a.m.
  • Length: 15:02
Show
View Real Time Build Order
Export as new Build Order

TorontoDave Protoss 

Build Orders:  

Get SALT Encoding   

  12  0:01  Probe  
  13  0:13  Probe  
  14  0:19  Pylon  
  14  0:27  Probe  
  15  0:39  Probe (Chrono Boost)  
  16  0:43  Gateway  
  16  0:51  Probe (Chrono Boost)  
  16  0:56  Assimilator  
  17  1:00  Assimilator  
  16  1:20  Probe (Chrono Boost)  
  17  1:30  Probe (Chrono Boost)  
  18  1:35  Probe (Chrono Boost), Cybernetics Core  
  19  1:48  Pylon  
  19  1:49  Probe  
  20  1:54  Assimilator  
  22  2:01  Probe  
  21  2:11  Stalker (Chrono Boost)  
  21  2:13  Probe  
  24  2:25  Probe  
  25  2:38  Probe  
  26  2:50  Probe  
  27  3:01  Nexus, Stargate  
  27  3:02  Probe  
  27  3:05  Stargate  
  28  3:11  Assimilator  
  28  3:14  Probe  
  29  3:25  Pylon  
  29  3:27  Zealot  
  31  3:40  Pylon  
  31  3:43  Probe  
  32  3:53  Void Ray  
  32  3:55  Probe  
  37  4:07  Void Ray  
  37  4:08  Probe (Chrono Boost)  
  42  4:17  Probe (Chrono Boost)  
  43  4:26  Probe (Chrono Boost)  
  44  4:31  Probe (Chrono Boost)  
  44  4:35  Void Ray  
  49  4:50  Void Ray  
  53  4:56  Protoss Air Weapons Level 1 (Chrono Boost)  
  53  4:57  Assimilator  
  53  4:58  Probe  
  54  5:10  Probe  
  55  5:18  Void Ray  
  59  5:22  Probe (Chrono Boost)  
  60  5:31  Probe (Chrono Boost)  
  60  5:35  Fleet Beacon  
  61  5:36  Probe (Chrono Boost)  
  62  5:55  Pylon  
  62  5:59  Pylon  
  62  6:13  Probe, Void Ray  
  62  6:17  Void Ray  
  71  6:19  Pylon  
  71  6:20  Unknown  
  71  6:21  Probe  
  72  6:33  Probe  
  73  6:43  Nexus  
  73  6:53  Protoss Air Armor Level 1 (Chrono Boost)  
  73  6:59  Void Ray  
  77  7:04  Probe  
  78  7:16  Probe  
  79  7:25  Void Ray  
  79  7:28  Probe  
  84  7:40  Probe  
  85  7:51  Pylon  
  85  7:52  Probe  
  85  7:55  Void Ray (Chrono Boost), Pylon  
  86  8:21  Void Ray (Chrono Boost)  
  90  8:33  Forge  
  90  8:34  Void Ray (Chrono Boost)  
  90  8:40  Probe  
  95  8:45  Probe  
  96  8:52  Probe  
  97  8:57  Probe  
  98  9:04  Probe  
  98  9:07  Protoss Air Weapons Level 2 (Chrono Boost)  
  98  9:09  Probe  
  100  9:17  Probe (Chrono Boost)  
  102  9:26  Void Ray  
  102  9:27  Probe (Chrono Boost)  
  102  9:29  Probe (Chrono Boost)  
  102  9:31  Stargate  
  107  9:34  Probe (Chrono Boost), Pylon  
  107  9:35  Probe (Chrono Boost)  
  109  9:40  Assimilator  
  109  9:43  Probe, Assimilator, Void Ray  
  114  9:55  Probe  
  114  9:56  Photon Cannon  
  115  10:08  Void Ray  
  107  10:28  Void Ray (Chrono Boost)  
  83  10:43  Void Ray (Chrono Boost)  
  83  10:48  Void Ray (Chrono Boost)  
  91  11:06  Void Ray (Chrono Boost)  
  95  11:19  Void Ray  
  95  11:24  Void Ray  
  99  11:56  Pylon  
  99  11:58  Pylon  
  99  12:01  Pylon  
  99  12:14  Void Ray x2  
  107  12:16  Void Ray  
  107  12:21  Nexus  
  111  12:42  Protoss Air Armor Level 2 (Chrono Boost)  
  103  12:57  Void Ray x2  
  107  12:59  Void Ray  
  111  13:24  Photon Cannon  
  111  13:25  Photon Cannon  
  111  13:26  Photon Cannon  
  111  13:30  Pylon  
  111  13:37  Void Ray x2 (Chrono Boost)  
  111  13:39  Void Ray (Chrono Boost)  
  123  13:54  Photon Cannon  
  123  13:56  Photon Cannon  
  123  13:57  Photon Cannon  
  123  14:00  Shield Battery  
  123  14:04  Probe (Chrono Boost)  
  123  14:06  Shield Battery  
  116  14:13  Probe (Chrono Boost), Void Ray x2  
  116  14:14  Void Ray  
  117  14:18  Probe (Chrono Boost)  
  117  14:23  Photon Cannon  
  114  14:25  Photon Cannon  
  114  14:27  Photon Cannon x2  
  114  14:32  Photon Cannon  
Show
View Real Time Build Order
Export as new Build Order

Methyle Terran - Winner!

Build Orders: 2 Factory 

Get SALT Encoding   

  12  0:01  SCV  
  13  0:14  SCV  
  14  0:22  Supply Depot  
  14  0:26  SCV  
  15  0:44  SCV  
  15  0:46  Barracks  
  16  0:56  SCV  
  16  0:57  Refinery  
  17  1:12  SCV  
  18  1:24  SCV  
  19  1:34  Marine  
  19  1:37  Orbital Command  
  20  1:43  Command Center  
  20  1:52  Marine  
  21  2:04  Factory  
  21  2:05  SCV  
  22  2:09  Marine  
  23  2:19  Supply Depot  
  23  2:25  Supply Depot  
  23  2:29  Supply Depot  
  23  2:54  Refinery, Factory Tech Lab  
  23  2:55  Factory  
  23  3:04  Barracks  
  23  3:05  Supply Depot  
  23  3:10  Orbital Command  
  23  3:23  Engineering Bay  
  23  3:31  SCV  
  24  3:38  SCV  
  25  3:43  Factory Tech Lab  
  25  3:44  SCV  
  25  3:48  Siege Tank  
  29  3:49  Marine  
  30  4:02  Missile Turret  
  30  4:03  Missile Turret  
  30  4:07  Siege Tank  
  30  4:09  Barracks Reactor  
  33  4:13  Marine  
  34  4:24  Supply Depot  
  34  4:31  Supply Depot  
  34  4:32  SCV, Marine  
  34  4:33  Siege Tank  
  34  4:35  SCV  
  40  4:42  Supply Depot  
  40  4:44  SCV  
  41  4:53  Marine  
  41  4:54  Marine x2  
  41  4:59  Cyclone  
  47  5:01  SCV  
  48  5:11  Marine  
  49  5:20  Supply Depot  
  49  5:21  Starport  
  49  5:23  Starport  
  49  5:30  Marine x3  
  49  5:32  SCV x2  
  54  5:38  Refinery  
  54  5:41  Refinery  
  54  5:45  Supply Depot  
  54  5:48  Marine  
  55  5:51  Armory  
  55  5:52  Marine x2  
  57  6:00  Missile Turret  
  57  6:06  Missile Turret  
  57  6:07  Missile Turret, Starport Reactor  
  57  6:10  Starport Tech Lab  
  57  6:22  Barracks Tech Lab  
  57  6:27  Marine x2  
  57  6:29  Cyclone  
  62  6:34  SCV x2  
  64  6:41  Terran Vehicle Weapons Level 1  
  64  6:42  Marine  
  64  6:45  Marine x2  
  67  6:48  Raven  
  67  6:51  SCV  
  70  6:57  Viking  
  72  7:03  SCV x2  
  74  7:10  Supply Depot  
  74  7:11  Supply Depot  
  74  7:15  SCV x2, Marine x3  
  77  7:20  Cyclone  
  82  7:24  Cyclone  
  85  7:32  Marine  
  86  7:49  SCV x2  
  88  8:00  Siege Tank, Supply Depot  
  88  8:01  SCV x2  
  88  8:03  Marauder  
  84  8:13  SCV  
  85  8:25  Missile Turret x2, Marine x2  
  85  8:26  Missile Turret  
  87  8:27  Missile Turret x2  
  87  8:29  Terran Infantry Weapons Level 1, Missile Turret  
  87  8:34  Engineering Bay  
  87  8:42  Missile Turret  
  87  8:43  SCV x2  
  89  8:55  SCV  
  90  8:59  Viking x3  
  96  9:10  SCV x2  
  98  9:23  Command Center  
  98  9:29  Viking x3  
  104  9:31  Marine x2  
  104  9:32  Marine  
  107  9:39  SCV  
  107  9:40  SCV  
  109  9:52  SCV x2  
  111  10:04  SCV x2  
  111  10:06  Marine x3  
  116  10:07  Cyclone  
  116  10:08  Viking  
  121  10:14  Refinery  
  121  10:16  SCV  
  121  10:17  Refinery  
  110  10:22  SCV  
  110  10:23  Marine  
  110  10:24  Marine x2  
  110  10:28  SCV  
  96  10:34  SCV  
  92  10:40  SCV  
  91  10:44  Viking x3  
  91  10:46  SCV  
  98  10:55  SCV x2  
  100  10:58  SCV, Marine x3  
  104  11:05  Barracks  
  104  11:06  Barracks  
  104  11:07  SCV x2  
  104  11:08  Supply Depot  
  106  11:14  Viking  
  106  11:15  Marine  
  106  11:16  Marine x2  
  100  11:38  Marine  
  100  11:39  Marauder  
  98  11:51  Marine x2  
  100  11:54  Marine  
  100  11:56  Marine  
  100  11:57  Cyclone  
  100  11:58  Viking x2  
  100  12:00  Marauder  
  113  12:09  Marine x2  
  113  12:12  Missile Turret x2, Marine  
  113  12:14  Missile Turret x2, Marine  
  113  12:15  Missile Turret  
  117  12:19  Missile Turret  
  117  12:20  Missile Turret  
  117  12:22  Marauder  
  119  12:27  Marine  
  119  12:29  Cyclone  
  121  12:30  Starport  
  121  12:31  Supply Depot  
  121  12:32  Supply Depot  
  121  12:33  Terran Infantry Weapons Level 2, Terran Infantry Armor Level 1  
  119  12:52  Orbital Command  
  119  12:59  Missile Turret  
  119  13:00  Starport  
  119  13:01  Missile Turret x2  
  119  13:03  Missile Turret  
  119  13:09  SCV x2  
  121  13:21  SCV x2  
  121  13:23  Supply Depot  
  121  13:24  Supply Depot, Viking x3  
  121  13:25  Supply Depot  
  129  13:40  Armory  
  129  13:46  Missile Turret  
  129  13:47  Missile Turret  
  129  13:48  Missile Turret  
  129  13:52  SCV x3  
  129  13:54  Viking  
  134  14:01  Command Center  
  134  14:04  SCV, Marine x2  
  134  14:06  Viking  
  134  14:07  Viking x2  
  134  14:17  Marine x3  
  134  14:20  Cyclone x2  
  140  14:24  Viking  
  140  14:27  Marine x2  
  144  14:35  Marine x2  
Tags
 
League
GoldGold
Matchup
PvT
Opening
2 Factory
Spawn Locations
Cross Positions
Add a new tag
Caveats
  • Supply blocks, unpowered buildings, or Contaminate may cause inaccurate times.
  • Supply counts are checked every 10 seconds.